 Dungeon Crawl Stone Soup version 0.27.0-1-g7a089689b8 (webtiles) character file.

Game seed: 14418730152564711725

51506 Malachi the Nimble (level 14, -1/110 HPs)
             Began as a Demonspawn Ice Elementalist on Aug 17, 2021.
             Was a Follower of Uskayaw.
             Slain by an anaconda simulacrum (9 damage)
             ... in an ice cave.
             The game lasted 00:47:44 (19022 turns).

Malachi the Nimble (Demonspawn Ice Elementalist)   Turns: 19022, Time: 00:47:45

Health: -1/110     AC: 10    Str: 12    XL:     14   Next: 23%
Magic:  28/28      EV: 16    Int: 27    God:    Uskayaw [*.....]
Gold:   1039       SH:  0    Dex: 14    Spells: 16/23 levels left

rFire    x . .     SeeInvis .   L - +6 dagger (vamp)
rCold    + . .     Faith    .   (no shield)
rNeg     . . .     Spirit   .   I - +0 troll leather armour
rPois    .         Reflect  .   (helmet restricted)
rElec    .         Harm     .   (no cloak)
rCorr    .         Rampage  .   m - +1 pair of gloves
Will     +....                  z - +2 pair of boots {Stlth+}
Stlth    ++++++....             f - amulet of regeneration
HPRegen  2.28/turn              n - ring of ice
MPRegen  0.21/turn              q - ring of Nopp {MP+9 Str+3 Int+4 Stlth+}

@: hasted and slowed, studying Shields
A: claws 2, hooves 2, horns 2, ignite blood 1, powered by pain 1, clever 1, low
mp 1, wild magic 1
a: Renounce Religion, Stomp


You were in an ice cave.
You worshipped Uskayaw.
Uskayaw was noncommittal.
You visited 3 branches of the dungeon, and saw 17 of its levels.
You also visited: Ossuary and Ice Cave.

You collected 1039 gold pieces.

Inventory:

Hand Weapons
 l - a +3 dagger of venom
 F - a +0 demon blade of electrocution
 H - the +6 Majin-Bo {vamp, MP+6 Int+6}
   (You found it on level 12 of the Dungeon)

   It occasionally heals its wielder for a portion of the damage dealt when they
   wound a living foe with it or with a spell.
   Its wielder's spells cost health as well as magical power.
   Int:       It affects your intelligence (+6).
   MP:        It affects your magic capacity (+6).
 L - a +6 vampiric dagger (weapon)
Missiles
 k - a throwing net
Armour
 e - +0 steam dragon scales
 m - a +1 pair of gloves (worn)
 w - +0 acid dragon scales
 z - a +2 pair of boots of stealth (worn)
 I - a +0 troll leather armour (worn)
Jewellery
 d - a +4 ring of protection
 f - an amulet of regeneration (around neck)
 n - a ring of ice (left hand)
 q - the ring of Nopp (right hand) {MP+9 Str+3 Int+4 Stlth+}
   (You acquired it on level 9 of the Dungeon)

   [ring of magical power]

   Str:       It affects your strength (+3).
   Int:       It affects your intelligence (+4).
   MP:        It affects your magic capacity (+9).
   Stlth:     It makes you more stealthy.
 B - a ring of protection from fire
 G - an amulet of guardian spirit
 K - a +6 ring of intelligence
Wands
 s - a wand of acid (21)
 v - a wand of flame (29)
 A - a wand of iceblast (11)
 M - a wand of digging (5)
Scrolls
 c - 3 scrolls of vulnerability
 g - 5 scrolls of summoning
 j - 8 scrolls of teleportation
 p - 2 scrolls of magic mapping
 t - 2 scrolls of fog
 u - 4 scrolls of amnesia
 C - 2 scrolls of enchant armour
 D - 3 scrolls of identify
Potions
 a - 3 potions of magic
 b - 2 potions of brilliance
 h - 5 potions of curing
 i - 3 potions of might
 o - 4 potions of lignification
 r - 2 potions of ambrosia
 J - a potion of flight
Miscellaneous
 y - a piece from Xom's chessboard (15/15)


   Skills:
 - Level 10.0 Fighting
 - Level 10.0 Short Blades
 + Level 0.3 Polearms
 + Level 0.4 Bows
 + Level 0.4 Crossbows
 + Level 0.3 Throwing
 - Level 5.0 Armour
 - Level 10.0 Dodging
 - Level 10.0 Stealth
 * Level 9.1 Unarmed Combat
 - Level 5.0 Spellcasting
 + Level 0.6 Conjurations
 + Level 0.4 Necromancy
 - Level 8.2 Ice Magic
 + Level 1.0 Air Magic
 + Level 0.4 Poison Magic
 + Level 0.7 Invocations
 - Level 0.4 Evocations


You had 16 spell levels left.
You knew the following spells:

 Your Spells              Type           Power      Damage    Failure   Level
a - Freeze                Ice            100%       1d11      1%          1
b - Frozen Ramparts       Ice            100%       1d12      1%          3
c - Ozocubu's Armour      Ice            79%        N/A       1%          3

Your spell library contained the following spells:

 Spells                   Type           Power      Damage    Failure   Level
 Shock                    Conj/Air       56%        1d6       11%         1
 Animate Skeleton         Necr           24%        N/A       12%         1
 Apportation              Tloc           16%        N/A       13%         1
 Corona                   Hex            10%        N/A       13%         1
 Summon Small Mammal      Summ           36%        N/A       13%         1
 Static Discharge         Conj/Air       14%        N/A       14%         2
 Blink                    Tloc           N/A        N/A       21%         2
 Hailstorm                Conj/Ice       56%        3d12      22%         4
 Swiftness                Air            16%        N/A       26%         3
 Mephitic Cloud           Conj/Pois/Air  13%        N/A       28%         3
 Ignite Poison            Fire/Tmut/Pois 9%         N/A       34%         3
 Tukima's Dance           Hex            9%         N/A       34%         3
 Airstrike                Air            8%         N/A       61%         4
 Dispel Undead            Necr           12%        3d9       67%         4
 Sticky Flame             Conj/Fire      10%        2d3       71%         4
 Passage of Golubria      Tloc           N/A        N/A       73%         4
 Lightning Bolt           Conj/Air       7%         1d19      92%         5
 Bolt of Magma            Conj/Fire/Erth 5%         4d5       96%         5
 Manifold Assault         Tloc           8%         N/A       96%         5
 Yara's Violent Unravell  Hex/Tmut       4%         3d4       96%         5
 Storm Form               Tmut/Air       6%         N/A       100%        7
 Maxwell's Capacitive Co  Air            8%         ∞         100%        8


Dungeon Overview and Level Annotations

Branches:
Dungeon (15/15)            Temple (1/1) D:5            Lair (1/6) D:9
    Orc (0/2) D:9          Vaults (0/5) D:13        Ossuary (visited)
  IceCv (1/1)
 Depths: D:15

Altars:
Ashenzari
Cheibriados
Dithmenos
Elyvilon
Fedhas
Gozag
Hepliaklqana
Kikubaaqudgha
Makhleb
Nemelex Xobeh
Okawaru
Qazlal
Ru
Sif Muna
Trog
Uskayaw
Vehumet
Wu Jian
Xom
Yredelemnul
Zin
The Shining One
Beogh

Shops:
D:2 [   D:3 (   D:6 (   D:7 :

Portals:
Trove: D:13 (give +6 demon trident)


Innate Abilities, Weirdness & Mutations

You have very sharp fingernails.
You have hoof-like feet.
You have a pair of horns on your head.
Your demonic aura sometimes causes spilled blood to erupt in flames.
You sometimes gain a little power by taking damage.
Your mind is acute. (Int +2)
Your magical capacity is low. (-10% MP)
Your spells are a little harder to cast, but a little more powerful.


Message History

Unknown command.
You closely miss the ice devil. The ice devil closely misses you.
The anaconda simulacrum misses you.
The anaconda simulacrum bites you but does no damage.
You barely miss the ice devil. You headbutt the ice devil.
The ice devil is lightly wounded.
The anaconda simulacrum misses you. x2; The ice devil closely misses you.
You closely miss the ice devil.
The ice devil is lightly wounded.
The anaconda simulacrum constricts you. The anaconda simulacrum freezes you!
You resist.
The anaconda simulacrum barely misses you.
The ice devil hits you. The ice devil freezes you. You resist.
Unknown command.
You hit the ice devil. Your punch misses the ice devil.
The ice devil is lightly wounded.
The anaconda simulacrum constricts you but does no damage.
The anaconda simulacrum bites you! The anaconda simulacrum freezes you!
You resist.
Unknown command.
You are too injured to fight recklessly!
Unknown command.
Okay, then.
You feel yourself speed up.
The anaconda simulacrum constricts you but does no damage.
The anaconda simulacrum bites you. The anaconda simulacrum freezes you!
You resist.
* * * LOW HITPOINT WARNING * * *
The ice devil completely misses you.
The anaconda simulacrum constricts you but does no damage.
The anaconda simulacrum bites you but does no damage.
The ice devil hits you.
* * * LOW HITPOINT WARNING * * *
The ice devil freezes you. You resist.
* * * LOW HITPOINT WARNING * * *
The anaconda simulacrum constricts you but does no damage.
The anaconda simulacrum bites you!
* * * LOW HITPOINT WARNING * * *
The anaconda simulacrum freezes you! You resist.
You die...

##.....##..#
#..
##...###.##
..#
######..#
#.. ##..##
#..# ##...#
#.. ##...##
#.# ##...##
#.4##...##
#Z@#..##
#......#
##...#.°.#
######§°#
§°# .## #


You could see an ice devil and an anaconda simulacrum.

Vanquished Creatures
  Agnes (D:14)
  Louise (D:15)
  The ghost of denis1488 the Fighter, a journeyman DjFE (D:12)
  Josephine (D:14)
  A yaktaur captain (D:14)
  A boulder beetle (D:12)
  2 hydras
  9 vault guards
  3 centaur warriors
  A catoblepas (D:14)
  5 two-headed ogres
  6 death yaks (D:9)
  2 tengu warriors
  A sixfirhy (D:11)
  2 deep elf pyromancers
  An orc knight (D:15)
  13 ugly things
  3 cyclopes
  2 manticores
  Maggie (D:7)
  A cane toad (Lair:1)
  A freezing wraith (IceCv)
  An ice devil (IceCv)
  3 unseen horrors
  A polar bear (Lair:1)
  6 trolls
  3 hornets
  3 meliai (D:14)
  6 slime creatures (D:14)
  2 wyverns
  A spriggan (D:12)
  A shadow (D:9)
  35 yaks
  3 wraiths (D:14)
  Grum (D:9)
  4 death yak simulacra (IceCv)
  A steam dragon (D:8)
  Menkaure (D:5)
  2 vampire mosquitoes (D:14)
  6 acid dragons
  A water moccasin (D:7)
  5 black bears
  2 sky beasts
  3 necrophages
  9 orc warriors
  2 wolves (D:9)
  A boggart (D:12)
  5 centaurs
  2 ogres
  A phantom (D:7)
  4 kobold brigands
  2 bullfrogs
  A gnoll sergeant (D:8)
  A scorpion (shapeshifter) (D:13)
  4 scorpions
  2 cane toad simulacra (IceCv)
  A water moccasin skeleton (D:5)
  3 killer bees (D:10)
  A troll zombie (Ossuary)
  2 elephant simulacra (IceCv)
  8 howler monkeys
  8 centaur zombies
  5 orc priests
  A bullfrog zombie (D:6)
  2 hounds
  A gnoll shaman (D:5)
  A centaur skeleton (D:7)
  An iguana (D:5)
  7 orc wizards
  A troll simulacrum (IceCv)
  A polar bear simulacrum (IceCv)
  2 hound skeletons
  7 mummies (Ossuary)
  A howler monkey zombie (D:5)
  A howler monkey skeleton (D:6)
  11 gnolls
  6 adders
  A naga simulacrum (IceCv)
  3 shadow imps
  3 ufetubi (IceCv)
  2 adder skeletons (D:4)
  2 adder zombies (Ossuary)
  2 worms
  2 dart slugs
  35 orcs
  5 endoplasms
  2 giant cockroaches
  2 gnoll zombies (Ossuary)
  5 goblins
  9 hobgoblins
  15 jackals
  4 quokkas
  3 ball pythons
  4 bats
  A frilled lizard (D:3)
  5 goblin zombies (Ossuary)
  3 hobgoblin zombies (Ossuary)
  A jackal skeleton (D:4)
  23 kobolds
  2 kobold zombies (Ossuary)
  7 quokka zombies (Ossuary)
  6 rats
  4 rat zombies (Ossuary)
406 creatures vanquished.

Vanquished Creatures (others)
  A spriggan (D:12)
  6 plants
7 creatures vanquished.

Grand Total: 413 creatures vanquished

Notes
Turn   | Place    | Note
-------+----------+-------------------------------------------
     0 | D:1      | Malachi the Demonspawn Ice Elementalist began the quest for
                  | the Orb.
     0 | D:1      | Reached XP level 1. HP: 13/13 MP: 3/3
   499 | D:1      | Gained mutation: You sometimes gain a little power by
                  | taking damage. [demonic ancestry]
   499 | D:1      | Reached XP level 2. HP: 19/19 MP: 0/5
  1045 | D:2      | Reached XP level 3. HP: 19/24 MP: 4/6
  1069 | D:2      | Found Alyjowij's Antique Armour Boutique.
  1161 | D:2      | You fall into a shaft and drop 2 floors!
  1286 | D:4      | Learned a level 3 spell: Frozen Ramparts
  1463 | D:4      | Noticed a scorpion
  1463 | D:4      | Noticed a centaur
  1491 | D:5      | Entered Level 5 of the Dungeon
  1494 | D:5      | Noticed Menkaure
  1511 | D:4      | Killed a centaur
  1512 | D:4      | Gained mutation: You have large cloven feet. [demonic
                  | ancestry]
  1512 | D:4      | Reached XP level 4. HP: 26/31 MP: 6/8
  1611 | D:4      | Gained mutation: You have hoof-like feet. [demonic
                  | ancestry]
  1611 | D:4      | Reached XP level 5. HP: 36/36 MP: 9/9
  1651 | D:4      | Reached skill level 1 in Fighting
  1707 | D:4      | Reached skill level 5 in Ice Magic
  1833 | D:4      | Identified the +5 robe of Defiance {rElec rCorr Str-3}
  1875 | D:4      | Reached skill level 1 in Short Blades
  1886 | D:4      | Found a broken altar of Ashenzari.
  1969 | D:4      | Noticed an ogre
  1994 | D:4      | Killed an ogre
  1995 | D:4      | Reached XP level 6. HP: 43/43 MP: 10/10
  2728 | D:3      | Reached XP level 7. HP: 44/50 MP: 11/11
  2728 | D:3      | Found Lacw's Weapon Shop.
  3004 | D:3      | Found an opulent altar of Gozag.
  3684 | D:2      | Found a faded altar of an unknown god.
  4392 | D:5      | Killed Menkaure
  4393 | D:5      | Gained mutation: You have sharp fingernails. [demonic
                  | ancestry]
  4393 | D:5      | Reached XP level 8. HP: 21/57 MP: 10/13
  5085 | D:5      | Found a staircase to the Ecumenical Temple.
  5710 | D:6      | Identified the +4 chain mail of Understanding {rC+}
  5785 | D:6      | Found Qurud's Weapon Emporium.
  6481 | D:7      | Reached skill level 5 in Short Blades
  6533 | D:7      | Learned a level 3 spell: Ozocubu's Armour
  6588 | D:7      | Reached XP level 9. HP: 65/65 MP: 7/14
  6601 | D:7      | Reached skill level 5 in Stealth
  6715 | D:7      | Noticed a deep elf pyromancer
  6729 | D:7      | Found Cudaed's Book Emporium.
  6944 | D:7      | Reached skill level 5 in Dodging
  6952 | D:7      | Reached skill level 5 in Fighting
  7133 | D:7      | Noticed Maggie
  7149 | D:7      | Killed Maggie
  7244 | D:7      | Found an ornate altar of the Wu Jian Council.
  7371 | D:7      | Killed a deep elf pyromancer
  8128 | Temple   | Entered the Ecumenical Temple
  8246 | Temple   | Became a worshipper of Uskayaw the Reveller
  8390 | D:8      | Reached * piety under Uskayaw
  8392 | D:8      | Reached ** piety under Uskayaw
  8393 | D:8      | Reached *** piety under Uskayaw
  8395 | D:8      | Gained mutation: You have very sharp fingernails. [demonic
                  | ancestry]
  8395 | D:8      | Reached XP level 10. HP: 61/76 MP: 12/16
  8401 | D:8      | Reached **** piety under Uskayaw
  8553 | D:8      | Found a sand-covered staircase.
  8561 | Ossuary  | Entered an ossuary
  9762 | D:9      | Found a staircase to the Orcish Mines.
  9771 | D:9      | Noticed Grum
  9803 | D:9      | Found a shimmering blue altar of Sif Muna.
  9921 | D:9      | Reached skill level 1 in Unarmed Combat
 10642 | D:9      | Killed Grum
 10743 | D:9      | Gained mutation: Your magical capacity is low. (-10% MP)
                  | [potion of mutation]
 10743 | D:9      | Gained mutation: Your spells are a little harder to cast,
                  | but a little more powerful. [potion of mutation]
 10743 | D:9      | Gained mutation: Your mind is acute. (Int +2) [potion of
                  | mutation]
 10895 | D:9      | Identified a scroll of acquirement
 10895 | D:9      | Acquired the ring of Nopp {MP+9 Str+3 Int+4 Stlth+}
 11050 | D:9      | Noticed a death yak
 11051 | D:9      | Noticed a death yak
 11056 | D:9      | Found a staircase to the Lair.
 11059 | D:9      | Noticed a death yak
 11059 | D:9      | Noticed a death yak
 11060 | D:9      | Noticed a death yak
 11069 | D:9      | Killed a death yak
 11070 | D:9      | Gained mutation: Your demonic aura sometimes causes spilled
                  | blood to erupt in flames. [demonic ancestry]
 11070 | D:9      | Reached XP level 11. HP: 86/86 MP: 16/16
 11086 | D:9      | Noticed a death yak
 11096 | D:9      | Killed a death yak
 11100 | D:9      | Killed a death yak
 11101 | D:9      | Reached skill level 5 in Spellcasting
 11103 | D:9      | Killed a death yak
 11103 | D:9      | Killed a death yak
 11108 | D:9      | Killed a death yak
 11660 | D:10     | Entered Level 10 of the Dungeon
 11660 | D:10     | Found a radiant altar of Vehumet.
 11829 | D:10     | Noticed a two-headed ogre
 11830 | D:10     | Found a burning altar of Makhleb.
 11843 | D:10     | Killed a two-headed ogre
 11857 | D:10     | Paralysed by a hornet for 3 turns
 12083 | D:10     | Found a blossoming altar of Fedhas.
 12317 | D:11     | Noticed a sixfirhy
 12318 | D:11     | Found a runed translucent door.
 12373 | D:11     | Noticed a brown ugly thing
 12385 | D:11     | Killed a brown ugly thing
 12407 | D:11     | Noticed a two-headed ogre
 12417 | D:11     | Killed a two-headed ogre
 12609 | D:11     | Noticed a six-headed hydra
 12627 | D:11     | Killed a six-headed hydra
 12677 | D:11     | Noticed a two-headed ogre
 12713 | D:11     | Killed a two-headed ogre
 12714 | D:11     | Gained mutation: You have a pair of small horns on your
                  | head. [demonic ancestry]
 12714 | D:11     | Reached XP level 12. HP: 69/95 MP: 17/17
 12762 | D:11     | Noticed a two-headed ogre
 12773 | D:11     | Killed a two-headed ogre
 12828 | D:11     | Reached skill level 5 in Unarmed Combat
 13425 | D:11     | Acquired a +2 pair of boots of stealth
 13576 | D:12     | Noticed a two-headed ogre
 13861 | D:12     | Reached skill level 10 in Dodging
 13863 | D:12     | Reached ***** piety under Uskayaw
 13872 | D:12     | Reached ****** piety under Uskayaw
 13969 | D:12     | Noticed a boulder beetle
 13979 | D:12     | Killed a boulder beetle
 14010 | D:12     | Killed a two-headed ogre
 14127 | D:12     | You fall into a shaft and drop 2 floors!
 14230 | D:14     | Noticed Agnes
 14244 | D:14     | Killed Agnes
 14245 | D:14     | Reached skill level 10 in Fighting
 14336 | D:14     | Noticed a catoblepas
 14354 | D:14     | Killed a catoblepas
 14704 | D:13     | Found a gate to the Vaults.
 14705 | D:13     | Noticed a vault guard
 14705 | D:13     | Noticed a vault guard
 14705 | D:13     | Noticed a vault guard
 14705 | D:13     | Noticed a vault guard
 14705 | D:13     | Noticed a vault guard
 14705 | D:13     | Noticed a vault guard
 14705 | D:13     | Noticed a vault guard
 14705 | D:13     | Noticed a vault guard
 14785 | D:12     | Found the +6 Majin-Bo {vamp, MP+6 Int+6}
 15135 | D:12     | Found a runed translucent door.
 15136 | D:12     | Identified the +0 trident of Kitsoxt {vorpal, rElec rPois
                  | Int-5 SInv}
 15438 | D:12     | Noticed denis1488's ghost (journeyman DjFE)
 15453 | D:12     | Killed denis1488's ghost
 15928 | D:13     | Killed a vault guard
 15929 | D:13     | Reached XP level 13. HP: 55/103 MP: 18/18
 16273 | D:13     | Reached skill level 1 in Armour
 16612 | D:13     | Found a portal to a secret trove of treasure.
 17210 | D:14     | Noticed Josephine
 17212 | D:14     | Killed Josephine
 17216 | D:14     | Reached skill level 10 in Short Blades
 17763 | D:14     | Found the +5 sword of Power {vorpal}
 17785 | D:14     | Noticed a tengu reaver
 17832 | D:15     | Entered Level 15 of the Dungeon
 17979 | D:15     | Noticed Louise
 17991 | D:15     | Killed Louise
 18151 | D:15     | Gained mutation: You have a pair of horns on your head.
                  | [demonic ancestry]
 18151 | D:15     | Reached XP level 14. HP: 71/110 MP: 19/19
 18419 | D:14     | Noticed a fire giant
 18458 | D:14     | Reached skill level 10 in Stealth
 18644 | Lair:1   | Entered Level 1 of the Lair of Beasts
 18656 | Lair:1   | Reached skill level 5 in Armour
 18794 | Lair:1   | Found a frozen archway.
 18816 | IceCv    | Entered an ice cave
 18890 | IceCv    | Reached skill level 1 in Air Magic
 19022 | IceCv    | Slain by an anaconda simulacrum

Illustrated notes

Levels and vault maps discovered:
D:1:      lightli_arrival_statuegarden, layout_basic, minmay_3d_cube
D:2:      layout_rooms, shapermc_ecumenical_altar_acropolis, serial_shops, shop,
          hangedman_decor_slide_cut
D:3:      layout_loops_corners, mainiacjoe_overflow_chevrons,
          grunt_gozag_breadcrumbs, serial_shops, shop
D:4:      black_bear_nest_2, layout_loops_cross,
          mainiacjoe_overflow_tiny_flanked, minmay_manual_mess
D:5:      layout_loops_cross, temple_hall, uniq_menkaure
D:6:      layout_basic, serial_shops, nicolae_shop_stone, grunt_ministairs_1
D:7:      layout_layer_cave, pdpol_wu_jian_five_deadly_venoms, serial_shops,
          shop, uniq_maggie
D:8:      layout_loops_ring, nicolae_ossuary_entry_monument
D:9:      layout_big_octagon, nicolae_sif_muna_little_library,
          dpeg_lair_monsters, minmay_orc_entry_temple_small, minmay_puff,
          uniq_grum
D:10:     layout_rooms, mainiacjoe_overflow_boulevard,
          mainiacjoe_overflow_24_doors, lemuel_doored_altar
D:11:     cheibrodos_shockbox, layout_gridville
D:12:     layout_long_grid, ebering_ghost_funeral_grove
D:13:     layout_irregular_city, erik_vaults_2, nicolae_trove_entry_crystal
D:14:     minmay_guarded_unrand_sword_of_power, layout_stronghold,
          infiniplex_staircase_pool, uniq_josephine, uniq_agnes
D:15:     gammafunk_enter_depths_forms, layout_long_grid,
          chequers_serial_rivers_room_a, uniq_louise
Temple:   jpeg_temple_clearing
Lair:1:   layout_chaotic_city, portal_ice_cave_entry_pillars_2
IceCv:    ice_cave_small_necro

Skill      XL: |  1  2  3  4  5  6  7  8  9 10 11 12 13 14 |
---------------+-------------------------------------------+-----
Ice Magic      | 4 5 6 7 8 |  8.2
Dodging        | 2 3 4 5 7 9 10 | 10.0
Stealth        | 2 3 4 5 6 9 10 | 10.0
Fighting       | 1 2 3 6 7 9 10 | 10.0
Spellcasting   | 3 4 5 |  5.0
Short Blades   | 1 2 3 5 7 9 10 | 10.0
Unarmed Combat | 2 4 6 8 9 |  9.1
Armour         | 4 5 |  5.0
Air Magic      | 1 |  1.0
Polearms       | |  0.3
Bows           | |  0.4
Crossbows      | |  0.4
Throwing       | |  0.3
Conjurations   | |  0.6
Necromancy     | |  0.4
Poison Magic   | |  0.4
Invocations    | |  0.7
Evocations     | |  0.4

Action                   |  1- 3 |  4- 6 |  7- 9 | 10-12 | 13-15 || total
-------------------------+-------+-------+-------+-------+-------++-------
Melee: Unarmed           |    21 |       |       |       |       ||    21
       Short sword       |    10 |       |       |       |       ||    10
       Dagger            |    40 |    80 |   426 |   756 |   406 ||  1708
       Kick              |       |    20 |    90 |   155 |       ||   265
       Punch             |       |       |       |    11 |    19 ||    30
       Headbutt          |       |       |       |    50 |    86 ||   136
 Cast: Freeze            |    42 |     2 |       |     3 |     2 ||    49
       Frozen Ramparts   |       |     2 |     4 |    24 |    25 ||    55
       Ozocubu's Armour  |       |       |     2 |    21 |    28 ||    51
Invok: Stomp             |       |       |       |    14 |     5 ||    19
Evoke: Wand              |       |       |       |     3 |       ||     3
  Use: Scroll            |       |       |    18 |     7 |     4 ||    29
       Potion            |       |       |     6 |     9 |     3 ||    18
 Stab: Sleeping          |     1 |     3 |    10 |    27 |     7 ||    48
       Paralysed         |       |       |     1 |    18 |    20 ||    39
       Distracted        |       |       |       |     1 |     1 ||     2
       Fleeing           |       |       |       |     1 |       ||     1
Armor: Robe              |    17 |    17 |    61 |       |       ||    95
       Steam dragon scal |       |       |     7 |   220 |     9 ||   236
       Troll leather arm |       |       |       |       |   149 ||   149
Dodge: Dodged            |    72 |    68 |   207 |   473 |   270 ||  1090
